 Dungeon Crawl Stone Soup version 0.24-a0-458-gfcb5e6da0e (webtiles) character file.

Game seed: 10399062117912507924

49 Krouwed the Grave Robber (level 3, 0/24 HPs)
             Began as a Demonspawn Necromancer on June 27, 2019.
             Succumbed to a kobold's poison
             ... on level 3 of the Dungeon.
             The game lasted 00:05:28 (1639 turns).

Krouwed the Grave Robber (Demonspawn Necromancer)   Turns: 1639, Time: 00:05:28

Health: 0/24       AC:  4    Str:  8 (9)  XL:     3   Next: 53%
Magic:  3/6        EV: 11    Int: 18 (21) God:
Gold:   59         SH:  0    Dex: 11 (13) Spells: 5/7 levels left

rFire    . . .     SeeInvis .   h - +0 short sword
rCold    . . .     Gourm    .   (no shield)
rNeg     . . .     Faith    .   l - +0 leather armour
rPois    .         Spirit   .   (no helmet)
rElec    .         Reflect  .   (no cloak)
rCorr    .         Harm     .   q - +0 pair of gloves (curse)
MR       .....                  (no boots)
Stlth    +.........             (no amulet)
HPRegen  0.08/turn              (no ring)
MPRegen  0.10/turn              (no ring)

@: brilliant, lethally poisoned (0 -> -4)
A: talons 1, powered by death 1
a: no special abilities


You were on level 3 of the Dungeon.
You were hungry.

You visited 1 branch of the dungeon, and saw 3 of its levels.

You collected 59 gold pieces.

Inventory:

Hand Weapons
 b - a +0 whip
 h - a +0 short sword (weapon)
Missiles
 a - a poisoned dart (quivered)
Armour
 l - a +0 leather armour (worn)
 q - a cursed +0 pair of gloves (worn)
Jewellery
 o - an uncursed ring of see invisible {unknown}
 p - an uncursed ring of stealth {unknown}
Scrolls
 d - a scroll of fog {unknown}
 g - a scroll of identify {unknown}
 i - a scroll of teleportation
 k - a scroll of amnesia {unknown}
 m - a scroll of enchant armour {unknown}
Comestibles
 c - a ration


   Skills:
 - Level 1.7 Dodging
 - Level 1.7 Stealth
 + Level 2.6 Spellcasting
 * Level 5.4 Necromancy


You had 5 spell levels left.
You knew the following spells:

 Your Spells              Type           Power        Failure   Level  Hunger
a - Pain                  Necr           ####         1%          1    #......
b - Animate Skeleton      Necr           N/A          1%          1    #......

Your spell library contained the following spells:

 Spells                   Type           Power        Failure   Level  Hunger
 Vampiric Draining        Necr           ####......   1%          3    ###....
 Regeneration             Chrm/Necr      ###.......   3%          3    ###....
 Animate Dead             Necr           N/A          3%          4    #####..


Dungeon Overview and Level Annotations

Branches:
Dungeon (3/15)

Altars:
Uskayaw


Innate Abilities, Weirdness & Mutations

You have sharp toenails.
You regenerate a little health from kills.


Message History

You feel sick.
You start resting.
* * * LOW HITPOINT WARNING * * *
You feel sick.
You start resting.
You feel less wooden.
Your cursed +0 pair of gloves unmelds from your body.
Your +0 leather armour unmelds from your body.
* * * LOW HITPOINT WARNING * * *
You feel sick.
There is a lethal amount of poison in your body!
You aren't carrying any potions.
Okay, then.
You see here a +0 club.
* * * LOW HITPOINT WARNING * * *
You feel sick.
You see here a poisoned dart.
You see here a poisoned dart.
There is a lethal amount of poison in your body!
You die...

## #. #.
#.#######
#.....)<#
####....######
+..@((.........
#..###....#######
# #....# #....#
#....# #....#
######


There were no monsters in sight!

Vanquished Creatures
  A gnoll (D:3)
  2 adders (D:2)
  A dart slug (D:1)
  A leopard gecko (D:1)
  A goblin (D:1)
  5 hobgoblins
  4 bats
  A frilled lizard (D:2)
  3 kobolds
  A rat (D:1)
20 creatures vanquished.

Vanquished Creatures (others)
  A ball python (D:2)
1 creature vanquished.

Grand Total: 21 creatures vanquished

Notes
Turn   | Place    | Note
-------+----------+-------------------------------------------
     0 | D:1      | Krouwed the Demonspawn Necromancer began the quest for the
                  | Orb.
     0 | D:1      | Reached XP level 1. HP: 13/13 MP: 3/3
   111 | D:1      | Learned a level 1 spell: Animate Skeleton
   711 | D:1      | Gained mutation: You have sharp toenails. [demonic
                  | ancestry]
   711 | D:1      | Reached XP level 2. HP: 18/19 MP: 1/5
  1231 | D:2      | Reached skill level 5 in Necromancy
  1345 | D:2      | Gained mutation: You regenerate a little health from kills.
                  | [demonic ancestry]
  1345 | D:2      | Reached XP level 3. HP: 15/24 MP: 2/6
  1577 | D:2      | Found a hide-covered altar of Uskayaw.
  1636 | D:3      | HP: 1/24 [poisoned by a kobold]
  1639 | D:3      | Succumbed to a kobold's poison

Levels and vault maps discovered:
D:1:      dpeg_arrival_shelter, layout_loops_corners
D:2:      layout_loops_ring, lemuel_coloured_pillars_altar, fiery_altar_vehumet,
          minmay_small_reverse_x
D:3:      layout_basic, lemuel_doored_altar, lemuel_zombie_altar_kikubaaqudgha,
          okawaru_altar_gauntlet_db, uniq_terence

Skill      XL: |  1  2 |
---------------+-------+-----
Necromancy     | 5 |  5.4
Dodging        | |  1.7
Stealth        | |  1.7
Spellcasting   | |  2.6

Action                   || total
-------------------------++-------
Melee: Whip              ||    16
       Short sword       ||    18
       Kick              ||     1
Throw: Dart              ||     3
 Cast: Pain              ||    36
       Animate Skeleton  ||     1
  Use: Potion            ||     4
       Scroll            ||     1
 Stab: Sleeping          ||     2
  Eat: Chunk             ||     2
Armor: Robe              ||    16
       Leather armour    ||     2
Dodge: Dodged            ||    45

Table legend:
 A = Non-vault XP
 B = Vault XP
 C = Vault XP percentage of total XP
 D = Non-vault monster count
 E = Vault monster count
 F = Vault count percentage of total count
                 A         B        C        D         E       F
            +---------+---------+-------+---------+---------+-------
      Total |      71 |       0 |   0.0 |      20 |       0 |   0.0
            +---------+---------+-------+---------+---------+-------
        D:1 |      22 |       0 |   0.0 |      12 |       0 |   0.0
        D:2 |      33 |       0 |   0.0 |       6 |       0 |   0.0
        D:3 |      16 |       0 |   0.0 |       2 |       0 |   0.0
            +---------+---------+-------+---------+---------+-------
